Map: Eternal Empire LE

Players

pumperbot - Winner!

  • Race: Protoss Protoss
  • League: Platinum
  • Spawn Location: 1:00

Marx

  • Race: Zerg Zerg
  • League: Diamond
  • Spawn Location: 7:00

VOD

Have the link to the VOD?

Description

Time

  • Played on: July 30, 2020, 2:42 p.m.
  • Length: 45:53
Show
View Real Time Build Order
Export as new Build Order

pumperbot Protoss - Winner!

Build Orders:  

Get SALT Encoding   

  12  0:00  Probe  
  13  0:12  Probe  
  14  0:24  Probe  
  14  0:26  Pylon  
  15  0:44  Probe  
  15  0:49  Gateway  
  16  0:53  Assimilator  
  16  0:56  Probe (Chrono Boost)  
  17  1:05  Probe (Chrono Boost)  
  18  1:15  Gateway  
  18  1:19  Probe  
  19  1:31  Probe  
  20  1:40  Cybernetics Core  
  20  1:44  Probe (Chrono Boost)  
  21  1:50  Pylon  
  22  1:54  Probe (Chrono Boost)  
  22  2:07  Probe  
  23  2:19  Probe  
  23  2:21  Nexus  
  24  2:29  Adept  
  26  2:31  Probe  
  26  2:34  Adept  
  28  2:41  Warp Gate  
  28  2:44  Probe  
  28  2:46  Assimilator  
  29  2:53  Pylon  
  29  2:56  Probe  
  30  3:08  Probe  
  30  3:11  Adept x2  
  35  3:25  Probe  
  36  3:37  Probe  
  36  3:39  Probe  
  38  3:41  Adept x2  
  42  3:50  Stargate  
  42  3:51  Probe  
  42  3:54  Pylon  
  43  4:03  Probe  
  44  4:15  Probe  
  40  4:29  Probe  
  40  4:30  Probe  
  42  4:33  Assimilator  
  42  4:34  Assimilator  
  42  4:38  Shield Battery  
  42  4:41  Probe  
  42  4:43  Probe  
  43  4:46  Void Ray  
  47  4:53  Probe, Stargate  
  47  4:55  Probe  
  49  5:05  Probe  
  50  5:07  Probe (Chrono Boost)  
  51  5:19  Probe x2 (Chrono Boost)  
  49  5:29  Probe x2 (Chrono Boost), Zealot, Void Ray  
  49  5:34  Probe x2 (Chrono Boost)  
  49  5:35  Zealot  
  56  5:44  Probe  
  56  5:47  Void Ray  
  61  5:53  Pylon  
  62  6:01  Probe (Chrono Boost)  
  62  6:08  Pylon  
  62  6:09  Probe (Chrono Boost)  
  55  6:19  Probe  
  56  6:31  Probe  
  50  6:36  Void Ray  
  50  6:37  Void Ray  
  47  7:00  Probe  
  41  7:12  Probe  
  42  7:24  Probe  
  35  7:41  Probe  
  36  7:45  Void Ray  
  40  7:53  Probe  
  41  7:59  Void Ray  
  41  8:05  Probe  
  46  8:11  Shield Battery  
  46  8:22  Probe  
  47  8:34  Probe  
  47  8:38  Pylon  
  47  8:39  Pylon  
  48  8:49  Probe (Chrono Boost)  
  49  8:58  Probe (Chrono Boost)  
  46  9:22  Nexus  
  46  9:41  Pylon  
  46  9:42  Pylon  
  46  9:43  Pylon  
  38  9:53  Probe  
  39  10:05  Probe  
  40  10:17  Probe  
  38  10:34  Probe  
  35  10:44  Probe  
  35  10:46  Probe  
  37  10:56  Probe  
  38  10:59  Probe  
  39  11:11  Probe  
  39  11:22  Void Ray  
  39  11:23  Probe  
  44  11:35  Probe  
  45  11:45  Gateway  
  45  11:47  Probe  
  45  11:51  Stargate  
  46  11:59  Probe  
  51  12:28  Probe  
  48  12:35  Stargate  
  48  12:36  Stargate  
  48  12:39  Probe  
  48  12:40  Void Ray (Chrono Boost)  
  48  12:41  Probe  
  54  12:51  Probe  
  48  13:20  Void Ray (Chrono Boost)  
  36  14:09  Probe  
  37  14:21  Probe  
  38  14:33  Probe  
  38  14:37  Probe  
  40  14:44  Void Ray (Chrono Boost)  
  40  14:46  Probe  
  40  14:49  Probe  
  40  14:50  Assimilator  
  46  14:53  Forge  
  46  14:57  Probe  
  46  14:58  Probe  
  48  15:09  Probe (Chrono Boost)  
  48  15:10  Probe (Chrono Boost)  
  50  15:19  Probe (Chrono Boost)  
  50  15:20  Probe (Chrono Boost)  
  52  15:24  Probe (Chrono Boost)  
  53  15:34  Photon Cannon  
  53  15:37  Probe  
  53  15:39  Probe  
  55  16:09  Nexus  
  55  16:19  Probe  
  55  16:21  Probe  
  55  16:22  Protoss Air Weapons Level 1  
  57  16:31  Probe  
  57  16:36  Probe  
  58  16:41  Fleet Beacon  
  58  16:43  Probe  
  58  16:45  Pylon  
  59  16:48  Probe  
  59  16:51  Pylon  
  60  16:54  Assimilator  
  60  16:55  Probe  
  60  16:56  Pylon  
  61  17:04  Assimilator  
  61  17:07  Probe  
  58  17:19  Probe  
  55  17:26  Void Ray (Chrono Boost)  
  58  17:36  Stargate  
  58  17:37  Stargate  
  58  17:38  Pylon  
  58  17:45  Photon Cannon  
  58  17:49  Probe  
  60  17:51  Probe  
  60  18:04  Probe  
  61  18:15  Carrier (Chrono Boost)  
  61  18:16  Probe  
  68  18:33  Void Ray (Chrono Boost)  
  78  18:53  Carrier (Chrono Boost)  
  78  19:09  Protoss Air Weapons Level 2 (Chrono Boost)  
  84  19:21  Carrier (Chrono Boost)  
  84  19:23  Pylon  
  84  19:47  Carrier (Chrono Boost)  
  89  20:06  Nexus  
  89  20:20  Carrier (Chrono Boost)  
  95  20:34  Shield Battery  
  95  20:43  Shield Battery  
  95  20:47  Shield Battery  
  94  21:17  Void Ray  
  98  21:35  Pylon  
  98  21:39  Pylon  
  98  21:41  Pylon  
  98  21:53  Probe  
  99  22:03  Carrier  
  101  22:22  Void Ray  
  101  22:47  Nexus  
  101  23:02  Robotics Facility  
  101  23:20  Pylon  
  101  23:30  Pylon  
  101  23:51  Observer  
  102  24:01  Shield Battery, Photon Cannon  
  102  24:12  Observer  
  103  24:22  Carrier (Chrono Boost)  
  109  24:30  Pylon  
  109  24:40  Carrier (Chrono Boost)  
  115  24:52  Photon Cannon  
  121  25:12  Carrier (Chrono Boost)  
  121  25:31  Assimilator  
  121  25:36  Carrier  
  127  25:45  Gateway  
  127  25:56  Protoss Air Weapons Level 3  
  127  26:02  Gateway  
  127  26:09  Twilight Council  
  127  26:15  Probe (Chrono Boost)  
  127  26:16  Photon Cannon  
  128  26:27  Probe (Chrono Boost)  
  129  26:33  Probe (Chrono Boost)  
  129  26:38  Nexus  
  130  26:47  Pylon  
  130  26:54  Templar Archives  
  130  27:00  Gateway  
  130  27:06  Assimilator  
  130  27:07  Probe  
  131  27:13  Shield Battery  
  131  27:20  Photon Cannon  
  131  27:32  Psionic Storm  
  131  27:33  Probe  
  131  27:36  High Templar  
  134  27:37  High Templar  
  136  27:45  Probe  
  91  28:15  Stalker x2  
  91  28:16  Stalker  
  73  28:33  Carrier  
  79  28:49  High Templar  
  79  28:50  High Templar  
  79  28:51  High Templar  
  79  28:55  Photon Cannon  
  85  28:56  Photon Cannon  
  85  28:58  Shield Battery  
  85  29:00  Probe (Chrono Boost)  
  86  29:09  Probe (Chrono Boost)  
  87  29:14  Probe (Chrono Boost), Carrier  
  92  29:21  Archon  
  70  29:31  High Templar x2  
  70  29:32  High Templar  
  72  29:50  Carrier  
  78  29:55  Void Ray  
  82  30:01  Assimilator  
  82  30:02  Probe  
  83  30:15  Probe  
  83  30:17  Void Ray  
  88  30:27  Probe, Stalker x2  
  88  30:28  Stalker  
  95  30:39  Probe  
  95  30:42  Archon  
  96  30:50  Stalker x2  
  96  30:51  Probe, Stalker  
  103  31:03  Probe  
  104  31:06  Pylon  
  104  31:09  Assimilator  
  104  31:15  Probe  
  105  31:22  Photon Cannon  
  105  31:24  Photon Cannon  
  105  31:26  Gateway  
  105  31:27  Stalker x3, Probe  
  112  31:35  Gateway  
  112  31:39  Probe  
  113  31:42  Probe  
  114  31:54  Probe  
  114  31:58  Stalker x3  
  119  32:02  Void Ray  
  119  32:04  Void Ray  
  127  32:10  Probe  
  127  32:13  Photon Cannon  
  127  32:14  Pylon  
  128  32:16  Protoss Ground Weapons Level 1  
  118  32:46  Stalker x2  
  118  32:47  Stalker x3  
  128  32:54  Probe  
  128  33:06  Probe  
  124  33:19  Probe  
  125  33:20  Probe, Nexus  
  126  33:29  Pylon  
  126  33:31  Probe  
  126  33:32  Probe  
  128  33:39  Templar Archives  
  128  33:44  Probe  
  129  33:53  Photon Cannon  
  129  33:56  Probe, Void Ray  
  134  34:03  Photon Cannon  
  134  34:05  Photon Cannon  
  134  34:07  Photon Cannon  
  134  34:23  High Templar  
  136  34:24  High Templar  
  136  34:25  High Templar  
  136  34:26  High Templar  
  136  34:29  Archon  
  142  34:42  Photon Cannon  
  142  34:44  Photon Cannon  
  142  34:45  Shield Battery  
  141  35:03  High Templar  
  141  35:04  Zealot x4, Pylon  
  151  35:15  Protoss Ground Weapons Level 2 (Chrono Boost)  
  151  35:26  Nexus  
  151  35:28  Protoss Air Armor Level 1  
  151  35:31  Pylon  
  151  35:35  Pylon  
  151  35:42  Gateway  
  151  35:45  Gateway  
  151  35:52  Photon Cannon  
  151  35:55  Shield Battery, Photon Cannon  
  151  35:58  Shield Battery  
  151  36:05  Photon Cannon  
  151  36:09  Photon Cannon  
  151  36:23  Void Ray  
  155  36:40  Probe  
  155  36:43  Unknown  
  156  36:48  Shield Battery  
  156  36:52  Probe  
  157  36:56  Immortal  
  161  37:04  Probe  
  162  37:12  Gateway  
  162  37:15  Gateway  
  162  37:16  Probe  
  162  37:18  Gateway  
  163  37:28  Probe  
  164  37:35  Nexus  
  164  37:38  Pylon  
  164  37:40  Pylon  
  164  37:52  Immortal  
  168  38:00  Photon Cannon  
  168  38:02  Photon Cannon, Robotics Facility  
  168  38:04  Shield Battery  
  168  38:06  Photon Cannon  
  168  38:10  Photon Cannon  
  168  38:21  Stalker x3  
  174  38:31  Immortal  
  134  38:48  Stalker x2  
  134  38:49  Stalker x3  
  134  38:50  High Templar  
  134  38:52  High Templar x3  
  134  38:53  High Templar  
  150  38:57  Probe  
  151  39:09  Probe  
  156  39:10  Immortal  
  156  39:21  Probe  
  157  39:34  High Templar x2  
  157  39:35  High Templar  
  157  39:36  Zealot x2  
  157  39:37  Zealot x4  
  175  39:42  Charge  
  175  40:06  Photon Cannon  
  175  40:09  Photon Cannon  
  175  40:10  Photon Cannon  
  175  40:14  Pylon  
  175  40:17  Stalker x2  
  175  40:18  Stalker x3  
  175  40:19  Stalker  
  159  40:37  Photon Cannon  
  159  40:39  Photon Cannon  
  159  40:45  Zealot  
  159  40:46  Zealot x2  
  159  40:47  Sentry  
  159  40:48  High Templar  
  159  40:49  High Templar  
  171  40:55  Probe  
  172  41:07  Probe, Archon x2  
  172  41:08  Archon x2  
  172  41:09  Archon  
  173  41:19  Probe  
  173  41:20  Stalker x2  
  173  41:21  Stalker x2  
  173  41:22  Stalker x2  
  186  41:31  Probe  
  187  41:36  Protoss Air Armor Level 2  
  187  41:43  Stalker x3, Probe  
  187  41:44  Stalker x2  
  198  41:55  Probe  
  199  42:05  Protoss Ground Weapons Level 3 (Chrono Boost)  
  199  42:07  Probe  
  184  43:01  Stalker x5  
  184  43:02  Stalker  
  196  43:22  Assimilator  
  196  43:27  Assimilator  
  196  43:30  Stalker x2  
  196  43:31  Stalker  
  200  43:35  Nexus  
  196  43:55  Pylon  
  196  43:59  Pylon  
  196  44:05  Gateway  
  196  44:15  Photon Cannon  
  196  44:16  Photon Cannon  
  196  44:19  Shield Battery  
  196  44:22  Gateway  
  196  44:23  Gateway  
  196  44:25  Pylon  
  196  44:31  Twilight Council  
  190  44:56  Stalker  
  190  44:57  Stalker x3  
  190  44:58  Stalker  
  194  45:17  Stalker x3  
  199  45:42  Nexus  
  199  45:47  Shield Battery, Photon Cannon  
  199  45:49  Photon Cannon  
Show
View Real Time Build Order
Export as new Build Order

Marx Zerg 

Build Orders: Hatch First 

Get SALT Encoding   

  12  0:00  Drone  
  13  0:12  Overlord  
  13  0:17  Drone  
  14  0:30  Drone x2  
  14  0:35  Drone  
  17  0:52  Hatchery  
  17  0:55  Drone  
  17  0:59  Drone  
  18  1:09  Extractor  
  17  1:15  Spawning Pool  
  17  1:17  Drone  
  17  1:22  Drone  
  18  1:31  Drone  
  19  1:39  Drone  
  20  1:51  Overlord  
  20  2:04  Queen, Drone  
  23  2:12  Queen, Zergling x2  
  26  2:16  Zergling x4  
  28  2:23  Metabolic Boost  
  28  2:24  Zergling x2  
  29  2:31  Zergling x2  
  29  2:32  Drone  
  29  2:36  Drone  
  32  2:57  Hatchery  
  31  3:00  Overlord  
  31  3:01  Drone  
  32  3:05  Drone x2  
  34  3:22  Queen  
  34  3:23  Queen  
  34  3:25  Drone  
  39  3:27  Drone  
  39  3:30  Drone  
  39  3:33  Zergling x2  
  41  3:37  Zergling x4  
  43  3:42  Drone  
  43  3:44  Overlord  
  44  4:01  Zergling x2  
  44  4:02  Overlord  
  43  4:12  Zergling x14  
  43  4:13  Zergling x4  
  50  4:22  Zergling x10  
  51  4:27  Spore Crawler  
  51  4:29  Spore Crawler  
  51  4:31  Drone  
  50  4:38  Drone x3  
  50  4:44  Drone  
  50  4:45  Baneling Nest  
  53  4:50  Queen  
  55  4:55  Drone x2  
  57  5:07  Roach Warren  
  57  5:08  Zergling x6  
  59  5:14  Zergling x6  
  59  5:20  Zergling x8  
  66  5:26  Zergling x6  
  66  5:38  Overlord  
  66  5:39  Baneling, Spore Crawler  
  66  5:40  Baneling x3  
  65  5:43  Baneling x3  
  65  5:49  Extractor  
  64  5:50  Lair  
  64  5:51  Extractor  
  64  5:52  Drone  
  64  5:53  Extractor  
  63  6:07  Zergling x4  
  63  6:08  Zergling x12  
  63  6:09  Zergling x2  
  69  6:12  Zergling x2  
  69  6:13  Zergling x2  
  69  6:21  Zergling x8  
  70  6:33  Zergling x8  
  70  6:35  Overlord  
  74  6:42  Overlord  
  73  6:53  Zergling x8  
  73  6:54  Zergling x6  
  78  6:59  Zergling x2  
  75  7:05  Hydralisk Den, Queen  
  75  7:09  Zergling x4  
  71  7:16  Zergling x6  
  71  7:22  Zergling x2  
  71  7:23  Zergling x4  
  71  7:24  Zergling x2  
  71  7:27  Zergling x2  
  62  7:37  Zergling x8  
  62  7:38  Zergling x2  
  62  7:43  Muscular Augments  
  67  7:57  Queen  
  67  7:58  Queen  
  68  8:01  Queen  
  71  8:16  Hydralisk x2  
  71  8:17  Hydralisk  
  75  8:27  Hydralisk x2  
  75  8:33  Hydralisk  
  80  8:35  Hydralisk  
  82  8:52  Nydus Network  
  81  9:08  Hydralisk  
  79  9:19  Hydralisk  
  81  9:30  Drone x2  
  81  9:31  Drone  
  84  9:33  Drone x3  
  84  9:34  Overlord x3, Drone x3  
  84  9:35  Overlord  
  90  9:44  Hydralisk  
  83  9:52  Zergling x14  
  81  9:58  Zergling x4  
  80  10:00  Zergling x4  
  80  10:01  Zergling x2  
  79  10:08  Zergling x6  
  79  10:15  Drone  
  79  10:19  Zergling x2  
  79  10:20  Zergling x2  
  77  10:25  Zergling x2  
  71  10:36  Zergling x2  
  71  10:37  Zergling x4  
  71  10:42  Zergling x4  
  70  10:46  Zergling x12  
  70  10:47  Zergling x6  
  77  10:51  Zergling x2  
  77  10:54  Zergling x2  
  75  10:59  Zergling x2  
  73  11:08  Zergling x6  
  75  11:17  Zergling x10  
  79  11:19  Zergling x4  
  79  11:20  Zergling x6  
  79  11:25  Drone x2  
  86  11:41  Overseer  
  86  11:43  Pneumatized Carapace  
  86  11:51  Zergling x8  
  86  11:52  Zergling x16  
  86  11:53  Zergling x2  
  91  12:01  Nydus Canal  
  91  12:04  Zergling x8  
  93  12:16  Nydus Canal  
  82  12:49  Drone x4  
  82  12:50  Drone x10  
  82  12:51  Drone x5  
  96  12:59  Hydralisk x3  
  98  13:07  Nydus Canal  
  92  13:14  Hydralisk x4  
  92  13:15  Hydralisk x3  
  102  13:26  Zergling x2  
  102  13:27  Zergling x4  
  102  13:30  Queen x2  
  102  13:31  Queen  
  97  13:46  Zergling x4  
  97  13:47  Zergling x8  
  83  14:09  Nydus Canal  
  79  14:11  Zergling x2  
  79  14:12  Zergling x18  
  79  14:13  Zergling x4  
  90  14:21  Hydralisk  
  92  14:24  Nydus Canal  
  92  14:30  Zergling x2  
  92  14:31  Zergling x4  
  85  14:50  Zergling x2  
  85  14:51  Zergling x10  
  91  14:57  Spire  
  90  15:12  Zergling x12  
  96  15:15  Queen x2  
  96  15:16  Queen  
  102  15:22  Hatchery  
  102  15:23  Hatchery  
  102  15:24  Zergling x8  
  102  15:25  Zergling x2  
  105  15:33  Nydus Canal  
  105  15:41  Overlord x3  
  105  15:42  Hatchery  
  99  15:51  Queen  
  99  15:53  Zergling x6  
  99  15:54  Zergling x8  
  99  15:55  Overlord  
  99  15:56  Overlord  
  106  16:01  Extractor  
  105  16:05  Extractor  
  104  16:12  Mutalisk x4  
  104  16:16  Nydus Canal  
  112  16:40  Mutalisk x4  
  112  16:44  Queen  
  112  16:46  Queen  
  124  16:47  Queen  
  125  17:12  Extractor  
  125  17:13  Spore Crawler  
  125  17:15  Extractor  
  122  18:08  Hydralisk x5  
  122  18:09  Hydralisk x6  
  144  18:20  Hydralisk x3  
  150  18:34  Zerg Flyer Weapons Level 1  
  150  18:35  Mutalisk  
  150  18:36  Infestation Pit, Overlord x3  
  150  18:37  Zergling x10  
  150  18:38  Zergling x6  
  159  18:48  Hydralisk x2  
  159  18:55  Grooved Spines  
  163  19:02  Overlord x2  
  157  19:33  Corruptor x7  
  162  19:55  Hydralisk x6  
  166  20:07  Centrifical Hooks  
  166  20:11  Baneling x3  
  166  20:12  Baneling x4  
  166  20:18  Drone x2  
  168  20:36  Corruptor x2  
  172  20:46  Corruptor x2  
  152  21:10  Corruptor x2  
  152  21:11  Corruptor  
  127  21:27  Corruptor x2  
  127  21:28  Corruptor  
  133  21:35  Mutalisk  
  133  21:39  Corruptor  
  110  22:22  Corruptor x4  
  82  22:23  Corruptor x2  
  82  22:27  Zergling x6  
  77  22:30  Drone  
  77  22:33  Drone  
  77  22:34  Drone  
  80  22:44  Drone x2  
  80  22:45  Drone x3  
  85  22:54  Drone x2  
  85  22:55  Drone x2  
  89  23:03  Corruptor  
  91  23:06  Corruptor  
  93  23:12  Corruptor  
  93  23:19  Corruptor  
  95  23:22  Corruptor  
  99  23:28  Corruptor  
  99  23:33  Zerg Flyer Armor Level 1  
  101  23:39  Corruptor  
  103  23:42  Corruptor  
  105  23:51  Queen  
  107  23:57  Corruptor x2  
  111  24:04  Hive  
  111  24:06  Hydralisk  
  111  24:08  Drone x2  
  116  24:10  Drone  
  116  24:11  Drone  
  116  24:12  Drone  
  118  24:22  Corruptor  
  120  24:25  Corruptor  
  120  24:29  Corruptor  
  124  24:32  Drone  
  125  24:39  Corruptor x2  
  125  24:42  Corruptor  
  131  24:51  Corruptor  
  131  24:52  Corruptor  
  135  24:54  Drone x2  
  135  24:55  Drone  
  135  24:56  Drone  
  135  24:57  Drone  
  140  25:02  Corruptor  
  140  25:06  Corruptor  
  144  25:07  Extractor  
  144  25:12  Drone x3  
  146  25:18  Drone x2  
  146  25:21  Corruptor x2, Extractor  
  148  25:22  Extractor  
  148  25:23  Viper  
  148  25:25  Viper  
  148  25:27  Viper, Zerg Flyer Weapons Level 2  
  159  25:31  Viper  
  162  25:47  Viper  
  162  25:48  Extractor  
  164  25:55  Viper  
  167  26:00  Corruptor  
  169  26:10  Corruptor x2  
  173  26:55  Corruptor x4  
  173  26:56  Corruptor x5  
  173  26:57  Corruptor  
  193  27:06  Swarm Host  
  196  27:10  Adrenal Glands  
  196  27:20  Corruptor x2  
  200  27:43  Zerg Flyer Armor Level 2  
  133  28:16  Corruptor  
  133  28:17  Corruptor x7  
  133  28:18  Corruptor x6  
  138  28:25  Corruptor  
  120  28:27  Zergling x6  
  120  28:28  Zergling x28  
  120  28:32  Zergling x2  
  120  28:33  Zergling x4  
  138  28:41  Zergling x8  
  140  28:46  Corruptor  
  144  28:56  Zergling x10  
  144  28:57  Zergling x2  
  150  29:04  Corruptor  
  150  29:08  Corruptor  
  119  29:33  Corruptor x6  
  128  29:41  Zergling x2  
  128  29:42  Zergling x10  
  128  29:43  Drone  
  128  29:44  Drone  
  133  29:45  Drone  
  133  29:47  Drone  
  134  29:57  Zergling x8  
  138  30:05  Zergling x16  
  146  30:10  Zergling x4  
  146  30:11  Zergling x4  
  146  30:13  Zergling x2  
  149  30:23  Zergling x2  
  149  30:24  Zergling x10  
  154  30:35  Zergling x10  
  151  30:36  Zergling x6  
  139  30:51  Zergling x8  
  139  30:53  Zergling x10  
  139  30:54  Zergling x18  
  139  30:55  Zergling x2  
  153  31:01  Zergling x10  
  158  31:06  Mutalisk  
  158  31:08  Evolution Chamber  
  158  31:09  Evolution Chamber  
  158  31:10  Drone x2  
  160  31:14  Mutalisk x2  
  160  31:16  Mutalisk  
  166  31:25  Mutalisk x3  
  172  31:37  Zergling x16  
  172  31:38  Zergling x4  
  141  31:54  Zergling x10  
  141  31:55  Zergling x18  
  141  32:00  Zergling x8  
  149  32:04  Zergling x6  
  149  32:05  Zergling x2  
  153  32:10  Mutalisk x2  
  154  32:23  Zergling x2  
  154  32:24  Zergling x18  
  163  32:33  Zergling x4  
  163  32:34  Zergling x10  
  163  32:36  Zergling x4  
  163  32:41  Zergling x6  
  163  32:42  Zergling x2  
  147  33:09  Zergling x20  
  147  33:10  Zergling x8  
  136  33:13  Corruptor x2  
  136  33:14  Corruptor  
  136  33:21  Zergling x4  
  136  33:23  Zergling x8  
  141  33:33  Zergling x6  
  144  33:37  Zergling x4  
  144  33:41  Zergling x4  
  148  33:46  Corruptor, Zergling x2  
  151  33:52  Hatchery  
  150  34:02  Corruptor  
  152  34:06  Zergling x8  
  152  34:07  Zergling x2  
  157  34:10  Hatchery, Zergling x2  
  157  34:11  Zergling x4  
  157  34:16  Zergling x6  
  157  34:17  Zergling x2  
  162  34:20  Corruptor  
  164  34:24  Zerg Melee Weapons Level 1  
  164  34:40  Corruptor x3  
  169  34:55  Corruptor x2  
  173  35:19  Drone x4  
  173  35:20  Overlord, Corruptor, Zergling x2  
  173  35:21  Corruptor  
  180  35:23  Corruptor  
  184  35:28  Corruptor  
  184  35:32  Corruptor  
  187  35:48  Corruptor x4  
  193  35:56  Zerg Ground Armor Level 1  
  193  36:10  Corruptor x3  
  199  36:30  Hatchery  
  183  36:43  Viper x5  
  198  36:53  Baneling  
  198  36:54  Baneling x24  
  198  36:55  Baneling x26  
  198  36:56  Baneling x2  
  198  36:57  Baneling  
  198  36:58  Baneling x2  
  198  37:02  Zerg Melee Weapons Level 2  
  127  38:50  Corruptor x2  
  127  38:51  Corruptor x20  
  127  38:53  Corruptor  
  127  38:54  Corruptor x7  
  171  39:04  Zergling x2  
  171  39:05  Zergling x4  
  171  39:08  Corruptor  
  176  39:12  Corruptor  
  174  39:30  Corruptor x4  
  171  39:40  Zergling x6  
  171  39:41  Zergling x6  
  161  40:34  Greater Spire  
  161  40:35  Corruptor x3  
  159  40:36  Corruptor  
  164  40:52  Unknown  
  164  40:56  Zerg Melee Weapons Level 3  
  164  41:04  Zergling x14  
  164  41:05  Zergling x16  
  164  41:06  Zergling x8  
  182  41:13  Hatchery  
  177  41:32  Baneling x4  
  175  41:46  Brood Lord x2  
  176  41:49  Brood Lord  
  111  42:44  Zergling x6  
  111  42:45  Zergling x20  
  111  42:46  Zergling x14  
  99  43:38  Zergling x2  
  99  43:39  Zergling x22  
  103  43:49  Corruptor  
  103  43:51  Zergling x6  
  108  44:08  Zergling x4  
  108  44:09  Zergling x4  
  112  44:12  Zergling x2  
  112  44:13  Zergling x4  
  112  44:14  Zergling x2  
  116  44:24  Zergling x8  
  102  44:51  Zergling x10  
  102  44:52  Zergling x6  
Tags
 
Add a new tag
Caveats
  • Supply blocks, unpowered buildings, or Contaminate may cause inaccurate times.
  • Supply counts are checked every 10 seconds.